 Dungeon Crawl Stone Soup version 0.27.0-1-g7a089689b8 (webtiles) character file.

Game seed: 2080085401178498881

4 ZombieSheep the Skirmisher (level 1, 0/18 HPs)
             Began as a Formicid Abyssal Knight on Aug 9, 2021.
             Was an Initiate of Lugonu.
             Slain by a kobold (3 damage)
             ... on level 1 of the Dungeon.
             The game lasted 00:00:28 (88 turns).

ZombieSheep the Skirmisher (Formicid Abyssal Knight)  Turns: 88, Time: 00:00:28

Health: 0/18       AC:  3    Str: 16    XL:     1   Next: 77%
Magic:  2/2        EV: 11    Int: 11    God:    Lugonu [......]
Gold:   8          SH:  0    Dex: 10    Spells: 0/0 levels left

rFire    . . .     SeeInvis +   a - +1 hand axe
rCold    . . .     Faith    .   (no shield)
rNeg     . . .     Spirit   .   b - +0 leather armour
rPois    .         Reflect  .   (helmet unavailable)
rElec    .         Harm     .   (no cloak)
rCorr    .         Rampage  .   (no gloves)
Will     .....                  (no boots)
Stlth    +.........             (no amulet)
HPRegen  0.06/turn              (no ring)
MPRegen  0.08/turn              (no ring)

@: no status effects
A: permanent stasis, dig shafts and tunnels, antennae 3, four strong arms
a: Dig, Shaft Self, Renounce Religion


You were on level 1 of the Dungeon.
You worshipped Lugonu.
Lugonu was noncommittal.
You visited 1 branch of the dungeon, and saw 1 of its levels.
You visited the Abyss 1 time.

You collected 8 gold pieces.

Inventory:

Hand Weapons
 a - a +1 hand axe (weapon)
Armour
 b - a +0 leather armour (worn)
Potions
 c - a potion of lignification {unknown}
 d - a potion of attraction {unknown}


   Skills:
 + Level 3.3 Fighting
 * Level 2.2 Axes
 - Level 2.1 Armour
 - Level 0.8 Dodging
 + Level 2.3 Invocations


You couldn't memorise any spells.
You didn't know any spells.
Your spell library was empty.

Dungeon Overview and Level Annotations

Branches:
Dungeon (1/15)

Altars:


Innate Abilities, Weirdness & Mutations

You cannot be hasted, slowed, berserked, paralysed or teleported.
You can dig through walls and to a lower floor.
You have a pair of large antennae on your head. (SInv)
Your four strong arms can wield two-handed weapons with a shield.


Message History

The jackal bites you.
You barely miss the jackal.
The jackal is heavily wounded.
You completely miss the rat. The jackal barely misses you.
The rat closely misses you.
You hit the jackal but do no damage.
The jackal is heavily wounded.
You hit the rat but do no damage. You hit the kobold. The jackal bites you.
The rat closely misses you. The kobold closely misses you.
The jackal bites you.
You are too injured to fight recklessly!
You slash the kobold!
You kill the kobold!
Lugonu accepts your kill.
You hit the jackal. You hit the rat but do no damage.
The rat bites you but does no damage.
The jackal bites you but does no damage.
The rat bites you.
You hit the jackal.
The jackal is severely wounded.
You hit the jackal.
You kill the jackal!
Lugonu accepts your kill.
You hit the rat.
You kill the rat!
Lugonu accepts your kill. The jackal bites you. The jackal closely misses you.
You completely miss the jackal.
The jackal is severely wounded.
You hit the kobold but do no damage. The jackal closely misses you.
The kobold hits you with a +0 whip.
* * * LOW HITPOINT WARNING * * *
The jackal bites you.
* * * LOW HITPOINT WARNING * * *
You closely miss the jackal.
The jackal is severely wounded.
You hit the kobold.
The jackal bites you but does no damage.
The kobold hits you with a +0 whip.
You die...

#.. ............
......##..........##....
......#.....##....##....
............##..........
........................
........##...†..........
........##..............
.......†K...............
.......@h...............
.......##...........<...
#####..##...........>...
#...................
#...................
#....##.............
#....##.............
#.........##........
##....†..##....##..


You could see a jackal and a kobold.

Vanquished Creatures
  A jackal (D:1)
  A kobold (D:1)
  A bat (D:1)
  2 rats (D:1)
5 creatures vanquished.

Notes
Turn   | Place    | Note
-------+----------+-------------------------------------------
     0 | Abyss:1  | ZombieSheep the Formicid Abyssal Knight began the quest for
                  | the Orb.
     0 | Abyss:1  | Reached XP level 1. HP: 18/18 MP: 2/2
    15 | Abyss:1  | Noticed a chaos spawn
    16 | D:1      | Escaped the Abyss
    88 | D:1      | Slain by a kobold

Illustrated notes

Levels and vault maps discovered:
D:1:      dpeg_arrival_stonehenge_12_columns, layout_basic

Action                   || total
-------------------------++-------
Melee: Hand axe          ||    13
Invok: Depart the Abyss  ||     1
Armor: Leather armour    ||     6
Dodge: Dodged            ||    13
